 Dungeon Crawl Stone Soup version 0.31.0-7-gf635a9b802 (webtiles) character file.

Game seed: 10799408146204683359

51 monsoonserge the Sneak (level 3, -1/34 HPs)
             Began as a Hill Orc Delver on Jan 23, 2024.
             Splashed by a jelly's acid (5 damage)
             ... on level 4 of the Dungeon.
             The game lasted 00:02:53 (655 turns).

monsoonserge the Sneak (Hill Orc Delver)             Turns: 655, Time: 00:02:53

Health: -1/34      AC:  8    Str: 16    XL:     3   Next: 83%
Magic:  3/3        EV:  7    Int: 10    God:
Gold:   45         SH:  0    Dex: 12    Spells: 2/2 levels left

rFire   . . .        a - +0 hand axe
rCold   . . .        (no shield)
rNeg    . . .        h - +0 chain mail
rPois   .            (no helmet)
rElec   .            (no cloak)
rCorr   .            (no gloves)
SInv    .            (no boots)
Will    .....        (no amulet) Stlth
                     (no ring)
HPRegen 0.25/turn    (no ring)
MPRegen 0.08/turn

%: no passive effects
@: no status effects
A: no striking features
a: no special abilities


You were on level 4 of the Dungeon.
You visited 1 branch of the dungeon, and saw 2 of its levels.

You collected 45 gold pieces.

Inventory:

Hand Weapons
 a - a +0 hand axe (weapon)
Armour
 b - a +0 leather armour
 h - a +0 chain mail (worn)
Wands
 g - a wand of digging (3)
 l - a wand of polymorph (3)
Scrolls
 c - a scroll of fog
 d - a scroll of revelation
 e - a scroll of fear
 i - a scroll of teleportation {unknown}
 j - 2 scrolls of silence {unknown}
Potions
 f - a potion of haste
 k - a potion of resistance {unknown}


   Skills:
 + Level 4.4 Fighting
 + Level 2.8 Axes
 + Level 0.2 Armour
 + Level 1.6 Dodging
 + Level 4.7 Stealth


You had 2 spell levels left.
You didn't know any spells.
Your spell library was empty.

Dungeon Overview and Level Annotations

Branches:
Dungeon (5/15)
 Temple: D:4-7

Altars:

Annotations:
D:4 2 runed translucent doors, Sirjeffry24's ghost, amateur AtFi


Message History

You see here a quokka corpse.
You see here a ball python corpse.
Found a short sword.
j - 2 scrolls labelled UKLA HUCKI (gained 1)
There are no items here.
You see here a +0 short sword.
Found 12 gold pieces.
Found 11 gold pieces.
You now have 45 gold pieces (gained 12).
There are no items here.
Found a large runed translucent door.
Found a robe.
A jelly comes into view.
The jelly quivers.
A goblin comes into view. It is wielding a +0 club.
The goblin shouts!
You hit the goblin.
The goblin is severely wounded.
The goblin hits you but does no damage.
You hit the goblin but do no damage.
The goblin is severely wounded.
The goblin hits you with a +0 club.
You closely miss the goblin.
The goblin is severely wounded.
The goblin barely misses you.
You hit the goblin.
You kill the goblin!
The jelly closely misses you.
You hit the jelly.
Your hands burn!
The jelly is moderately wounded.
The jelly hits you.
You are splashed with acid!
You hit the jelly but do no damage.
Your hands burn!
The jelly is moderately wounded.
The jelly hits you but does no damage.
You hit the jelly but do no damage.
Your hands burn!
The jelly is lightly wounded.
The jelly hits you.
You are splashed with acid!
* * * LOW HITPOINT WARNING * * *
You slash the jelly!
Your hands burn!
You die...

########### #.........#
#.#######.# #.# #.#
#@#######.# #J##......#
#.##.###..# #####
#......# #..####...#
........## #.........#
..#.#.#....###..####...#
# #.#.........####...#
..##...###.........+ ##
#... ##.####...+


You could see a jelly.

Vanquished Creatures
  An iguana (D:4)
  An adder (D:5)
  A white imp (D:5)
  A giant cockroach (D:4)
  A goblin (D:4)
  A hobgoblin (D:4)
  3 jackals (D:4)
  A quokka (D:4)
  A ball python (D:4)
11 creatures vanquished.

Notes
Turn   | Place    | Note
-------+----------+-------------------------------------------
     0 | D:5      | monsoonserge the Hill Orc Delver began the quest for the
                  | Orb.
     0 | D:5      | Reached XP level 1. HP: 19/19 MP: 1/1
    71 | D:4      | Noticed a black bear
   118 | D:5      | Noticed a phantom
   119 | D:5      | Noticed a black bear
   137 | D:5      | Reached XP level 2. HP: 15/27 MP: 2/2
   237 | D:4      | Noticed a bombardier beetle
   415 | D:4      | Reached XP level 3. HP: 17/34 MP: 3/3
   613 | D:4      | Found a large runed translucent door.
   613 | D:4      | Found a large runed translucent door.
   617 | D:4      | Noticed Sirjeffry24's ghost (amateur AtFi)
   655 | D:4      | Splashed by a jelly's acid

Illustrated notes

Levels and vault maps discovered:
D:4:      layout_loops_ring, ebering_ghost_disaster_area, uniq_sigmund
D:5:      layout_rooms, trog_butcher_becter, dk_noncrumbling_4,
          grunt_tough_drop, uniq_eustachio

Skill      XL: |  1 |
---------------+----+-----
Fighting       | 4 |  4.4
Axes           | |  2.8
Armour         | |  0.2
Dodging        | |  1.6
Stealth        | |  4.7

Action                     || total
---------------------------++-------
  Melee: Hand axe          ||    33
         Punch             ||     2
 Armour: Chain mail        ||    30
  Dodge: Dodged            ||    13
